 Dungeon Crawl Stone Soup version 0.29.0-5-ge4962eb29e (webtiles) character file.

Game seed: 14188656018563919619

53 Arcadio the Charlatan (level 3, 0/30 HPs)
             Began as a Draconian Artificer on Aug 29, 2022.
             Was a Believer of Cheibriados.
             Slain by a gnoll
             ... wielding a +0 halberd
              (15 damage)
             ... on level 2 of the Dungeon.
             The game lasted 00:02:52 (1061 turns).

Arcadio the Charlatan (Draconian Artificer)         Turns: 1061, Time: 00:02:53

Health: 0/30       AC:  6    Str: 20    XL:     3   Next: 62%
Magic:  3/3        EV: 13    Int: 15    God:    Cheibriados [**....]
Gold:   72         SH:  0    Dex: 15    Spells: 2/2 levels left

rFire   . . .      SeeInvis .   e - +0 flail
rCold   . . .      Faith    .   (no shield)
rNeg    . . .      Spirit   .   (body armour unavailable)
rPois   .          Reflect  .   (helmet restricted)
rElec   .          Harm     .   (no cloak)
rCorr   .          Rampage  .   (no gloves)
Will    .....                   g - +0 pair of boots
Stlth   ++........              (no amulet)
HPRegen 0.10/turn               (no ring)
MPRegen 0.08/turn               (no ring)

@: very slow
A: AC +5, unfitting armour, cold-blooded
a: Renounce Religion, Bend Time


You were on level 2 of the Dungeon.
You worshipped Cheibriados.
Cheibriados was pleased with you.
You visited 1 branch of the dungeon, and saw 2 of its levels.

You collected 72 gold pieces.

Inventory:

Hand Weapons
 a - a +0 club
 e - a +0 flail (weapon)
Armour
 g - a +0 pair of boots (worn)
Wands
 b - a wand of flame (15) (quivered)
 c - a wand of charming (15)
 d - a wand of iceblast (5)
Scrolls
 j - 3 scrolls of identify {unknown}
 k - a scroll of silence {unknown}
 l - a scroll of brand weapon {unknown}
Potions
 f - a potion of mutation {unknown}
 h - a potion of degeneration {unknown}
 i - a potion of heal wounds {unknown}


   Skills:
 + Level 2.4 Fighting
 + Level 2.8 Dodging
 - Level 0.8 Stealth
 + Level 3.6 Evocations


You had 2 spell levels left.
You didn't know any spells.
Your spell library contained the following spells:

 Spells                   Type           Power      Damage    Failure   Level
 Beastly Appendage        Tmut           0%         N/A       26%         1
 Sandblast                Erth           0%         2d4       26%         1
 Passwall                 Tmut/Erth      0%         N/A       38%         2
 Wereblood                Tmut           0%         N/A       38%         2
 Spider Form              Tmut/Pois      0%         N/A       63%         3
 Stone Arrow              Conj/Erth      0%         3d7       63%         3


Dungeon Overview and Level Annotations

Branches:
Dungeon (2/15) Zot: 16524

Altars:
Cheibriados


Innate Abilities, Weirdness & Mutations

Your plain brown scales are hard. (AC +5)
You cannot fit into any form of body armour.
You are cold-blooded and may be slowed by cold attacks.


Message History

You see here an adder corpse.
A gnoll comes into view. It is wielding a +0 halberd.
The gnoll shouts!
The gnoll shouts!
You see here an adder corpse.
There is an open door here.
There is an open door here.
You barely miss the gnoll. The gnoll closely misses you.
You barely miss the gnoll. You tail-slap the gnoll.
The gnoll is moderately wounded.
The gnoll closely misses you.
The gnoll hits you from afar with a +0 halberd.
The gnoll hits you with a +0 whip. The gnoll barely misses you.
You hit the gnoll but do no damage.
Your tail-slap misses the gnoll.
The gnoll is moderately wounded.
The gnoll closely misses you. The gnoll barely misses you.
You hit the gnoll but do no damage.
You tail-slap the gnoll, but do no damage.
The gnoll is moderately wounded.
The gnoll closely misses you. The gnoll barely misses you.
The gnoll misses you. The gnoll barely misses you.
You barely miss the gnoll.
The gnoll is moderately wounded.
The gnoll closely misses you. The gnoll hits you but does no damage.
You hit the gnoll.
The gnoll is severely wounded.
The gnoll hits you with a +0 whip. The gnoll barely misses you.
You barely miss the gnoll.
You tail-slap the gnoll, but do no damage.
The gnoll is severely wounded.
The gnoll hits you with a +0 whip. The gnoll misses you.
The gnoll hits you from afar with a +0 halberd.
The gnoll misses you.
You hit the gnoll.
You kill the gnoll!
Cheibriados thoroughly appreciates the change of pace.
The gnoll misses you. The gnoll barely misses you.
The gnoll hits you with a +0 halberd!
Ouch! That really hurt!
You die...

##.....#'###...##
....###....#....#
......+....#....#
...####....#.<..# ...#
#....###.#####
...####....###.##..#
..........g..#..#..#
......######†####'####+#
......# #...g@........
......# ###...........
......# ##...'.........
......# #....##'####+##
#'#########....##..#
#..............##..#
#..#####.......#####
#......'.......#
##....##...###.##


You could see a gnoll.

Vanquished Creatures
  A gnoll (D:2)
  An adder (D:2)
  A worm (D:2)
  A dart slug (D:1)
  3 ball pythons
  2 bats (D:1)
  4 endoplasms
  2 giant cockroaches (D:2)
  2 hobgoblins (D:1)
  A quokka (D:2)
  2 frilled lizards
  3 kobolds (D:1)
  5 rats
28 creatures vanquished.

Notes
Turn   | Place    | Note
-------+----------+-------------------------------------------
     0 | D:1      | Arcadio the Draconian Artificer began the quest for the
                  | Orb.
     0 | D:1      | Reached XP level 1. HP: 16/16 MP: 1/1
    33 | D:1      | Found a faded altar of an unknown god.
    43 | D:1      | Prayed at the altar of an unknown god.
    43 | D:1      | Became a worshipper of Cheibriados the Contemplative
    43 | D:1      | Reached * piety under Cheibriados
   174 | D:1      | Reached XP level 2. HP: 23/23 MP: 2/2
   927 | D:2      | Reached XP level 3. HP: 25/29 MP: 3/3
  1001 | D:2      | Reached ** piety under Cheibriados
  1061 | D:2      | Slain by a gnoll

Illustrated notes

Levels and vault maps discovered:
D:1:      dpeg_arrival_rhombi, layout_rooms, serial_rivers,
          chequers_serial_rivers_micro_e, chequers_serial_rivers_micro_a,
          chequers_serial_rivers_room_a, chequers_serial_rivers_micro_d,
          chequers_serial_rivers_small_3, chequers_serial_rivers_large_b,
          ebering_ecumenical_altar_abandoned, serial_bayou_pond_d,
          nicolae_figureground_pulse
D:2:      layout_basic, minmay_snake_closets

Skill      XL: |  1  2 |
---------------+-------+-----
Fighting       | 2 |  2.4
Dodging        | |  2.8
Stealth        | |  0.8
Evocations     | |  3.6

Action                   || total
-------------------------++-------
Melee: Flail             ||    71
       Tailslap          ||    14
       Punch             ||     1
 Stab: Sleeping          ||     2
Armor: Skin              ||    24
Dodge: Dodged            ||    56
